 Dungeon Sprint DCSS version 0.21.1-1-g345015f (webtiles) character file.

1154 Fang the Fighter (level 8, -17/72 HPs)
             Began as a Demonspawn Berserker on Apr 18, 2018.
             Was a High Priest of Trog.
             Killed from afar by a purple draconian (23 damage)
             ... with a bolt of dispelling energy
             ... in the Dungeon (Sprint V: "Ziggurat Sprint").
             The game lasted 00:06:18 (1033 turns).

Fang the Fighter (Demonspawn Berserker)             Turns: 1033, Time: 00:06:18

Health: -17/72     AC: 17    Str: 25    XL:     8   Next: 16%
Magic:  5/8        EV: 11    Int:  9    God:    Trog [*****.]
Gold:   0          SH:  0    Dex: 13    Spells: 7/7 levels left

rFire    . . .     SeeInvis .   b - +9 great sword of Cruel Justice {venom, +Inv rC+}
rCold    + + .     Gourm    .   (shield currently unavailable)
rNeg     . . .     Faith    .   j - +5 shadow dragon scales
rPois    .         Spirit   .   (helmet restricted)
rElec    .         Reflect  .   (no cloak)
rCorr    .         Harm     .   (no gloves)
MR       .....     NoTele   +   (no boots)
Stlth    +++.......             (no amulet)
HPRegen  0.22/turn              G - ring of flight
MPRegen  0.11/turn              F - +6 ring of strength

@: berserk cooldown, fainting, slowed, very slow
A: horns 2, cold resistance 1, demonic guardian 2
a: Berserk, Trog's Hand, Brothers in Arms, Burn Spellbooks, Renounce Religion,
Evoke Invisibility, Evoke Flight


You were in the Dungeon.
You worshipped Trog.
Trog was extremely pleased with you.
You were fainting.

You visited 1 branch

Inventory:

Hand Weapons
 a - a +4 war axe of venom
 b - the +9 great sword of Cruel Justice (weapon) {venom, +Inv rC+}
   (You took it off an orc priest in the Dungeon)

   It poisons the flesh of those it strikes.
   It protects you from cold.
   It lets you turn invisible.
 m - a +5 demon trident
 B - a +5 antimagic hand axe
Armour
 j - +5 shadow dragon scales (worn)
 k - a +3 large shield
Jewellery
 A - the ring of Enyam {rPois Int+6}
   (You found it in the Dungeon)

   [ring of poison resistance]

   It affects your intelligence (+6).
   It protects you from poison.
 F - a +6 ring of strength (right hand)
 G - a ring of flight (left hand)
Wands
 x - a wand of disintegration (7)
 y - a wand of iceblast (7)
 z - a wand of acid (7)
Scrolls
 i - 4 scrolls of blinking
 n - 7 scrolls of fog
 o - 5 scrolls of identify
 p - 5 scrolls of remove curse
 q - 2 scrolls of fear
 u - 4 scrolls of enchant weapon
Potions
 d - 10 potions of curing
 e - 9 potions of heal wounds
 f - 6 potions of haste
 g - 7 potions of magic
 h - 3 potions of berserk rage
 r - 2 potions of brilliance
 s - 2 potions of invisibility
 t - 4 potions of resistance
 v - 5 potions of agility
 w - 5 potions of might
Comestibles
 c - 7 rations


   Skills:
 + Level 9.9 Fighting
 + Level 3.0 Long Blades
 + Level 8.9(9.4) Axes
 + Level 4.7(7.4) Polearms
 + Level 5.7 Armour
 + Level 5.9 Dodging
 + Level 2.8 Stealth
 + Level 3.1 Shields


You had 7 spell levels left.
You didn't know any spells.

Dungeon Overview and Level Annotations

Branches:
Dungeon (1/1)

Altars:
Ashenzari
Cheibriados
Dithmenos
Elyvilon
Fedhas
Gozag
Hepliaklqana
Kikubaaqudgha
Makhleb
Nemelex Xobeh
Okawaru
Qazlal
Ru
Sif Muna
Trog
Uskayaw
Vehumet
Wu Jian
Xom
Yredelemnul
Zin
The Shining One
Beogh
Jiyva
Lugonu

Annotations:
D 1 transporter


Innate Abilities, Weirdness & Mutations

You have a pair of horns on your head.
Your flesh is cold resistant. (rC+)
A demonic guardian rushes to your aid.


Message History

The draconian hits your sixfirhy with a short sword!
You slice the purple draconian!!
The purple draconian is severely wounded.
The draconian barely misses you.
The white draconian hits you with a battleaxe.
* * * LOW HITPOINT WARNING * * *
The white draconian hits your soul eater but does no damage.
The purple draconian barely misses you.
The draconian barely misses your sixfirhy.
The draconian completely misses your sixfirhy.
The draconian hits you with a +1 triple sword of holy wrath!
* * * LOW HITPOINT WARNING * * *
You convulse.
* * * LOW HITPOINT WARNING * * *
The draconian closely misses you.
You riposte.
You hit the draconian but do no damage.
The draconian is poisoned.
The purple draconian breathes dispelling energy at you.
The bolt of dispelling energy hits you!
Your magical effects are unravelling.
You die...

▓...©...▓
▓▓▓▓▓▓▓▓▓
▓..8©8..▓
▓..|.=..▓
▓..})...▓
▓.......▓
▓..3dd..▓
▓..dd3..▓
▓..d@...▓
▓..d....▓
▓...©...▓
▓▓▓▓▓▓▓▓▓


You could see a purple draconian, a white draconian, 4 draconians, a friendly
soul eater and a friendly sixfirhy.

Vanquished Creatures
  Sigmund (D)
  A naga (D)
  Blork the orc (D)
  2 wights (D)
  7 orc wizards (D)
  2 orc priests (D)
  Jessica (D)
  2 adders (D)
  An adder skeleton (D)
  A bat skeleton (D)
  A bat zombie (D)
  A ball python (D)
  A jackal skeleton (D)
22 creatures vanquished.

Vanquished Creatures (collateral kills)
  An orc wizard (D)
  A ball python (D)
2 creatures vanquished.

Grand Total: 24 creatures vanquished

Notes
Turn   | Place    | Note
-------+----------+-------------------------------------------
     0 | D        | Found the +6 Majin-Bo {vamp, Archmagi MP+6 Int+6}
     0 | D        | Found the +7 great mace "Firestarter" {inner flame, rF++}
     0 | D        | Fang the Demonspawn Berserker began the quest for the Orb.
     0 | D        | Reached XP level 1. HP: 18/18 MP: 1/1
     3 | D        | Found a blossoming altar of Fedhas.
     7 | D        | Found a viscous altar of Jiyva.
     7 | D        | Found a hazy altar of Hepliaklqana.
     7 | D        | Found a transporter.
     7 | D        | Found an opulent altar of Gozag.
     7 | D        | Found an ancient bone altar of Kikubaaqudgha.
     7 | D        | Found a corrupted altar of Lugonu.
    16 | D        | Found a burning altar of Makhleb.
    19 | D        | Found a sacrificial altar of Ru.
    19 | D        | Found a deep blue altar of Sif Muna.
    19 | D        | Found a stormy altar of Qazlal.
    19 | D        | Found a bloodstained altar of Trog.
    19 | D        | Found an iron altar of Okawaru.
    19 | D        | Found a sparkling altar of Nemelex Xobeh.
    86 | D        | Entered arena 2.
    86 | D        | Noticed an orc wizard
    86 | D        | Noticed an orc wizard
    86 | D        | Found a transporter.
    89 | D        | Killed an orc wizard
    89 | D        | Reached skill level 4 in Fighting
    89 | D        | Gained mutation: You have a pair of small horns on your head. [demonic ancestry]
    89 | D        | Reached XP level 2. HP: 26/26 MP: 2/2
    90 | D        | Gained mutation: You have a pair of horns on your head. [demonic ancestry]
    90 | D        | Reached XP level 3. HP: 31/31 MP: 3/3
    91 | D        | Reached ** piety under Trog
    91 | D        | Reached skill level 5 in Fighting
    91 | D        | Reached skill level 5 in Axes
   128 | D        | Entered arena 3.
   128 | D        | Noticed Sigmund
   128 | D        | Noticed Jessica
   128 | D        | Noticed Blork the orc
   128 | D        | Found a transporter.
   131 | D        | Killed Jessica
   131 | D        | Reached XP level 4. HP: 40/40 MP: 4/4
   135 | D        | Killed Blork the orc
   135 | D        | Reached *** piety under Trog
   135 | D        | Reached skill level 7 in Fighting
   135 | D        | Reached skill level 1 in Polearms
   135 | D        | Reached XP level 5. HP: 48/48 MP: 5/5
   147 | D        | Killed Sigmund
   147 | D        | Reached skill level 8 in Fighting
   147 | D        | Gained mutation: A weak demonic guardian rushes to your aid. [demonic ancestry]
   147 | D        | Reached XP level 6. HP: 44/57 MP: 6/6
   158 | D        | Reached **** piety under Trog
   211 | D        | Entered arena 4.
   211 | D        | Found a transporter.
   219 | D        | Reached skill level 5 in Armour
   221 | D        | Reached ***** piety under Trog
   221 | D        | Reached skill level 9 in Fighting
   224 | D        | Got the +9 great sword of Cruel Justice {venom, +Inv rC+}
   233 | D        | Got the ring of Enyam {rPois Int+6}
   518 | D        | Entered arena 5.
   518 | D        | Found a transporter.
   528 | D        | Received a gift from Trog
   530 | D        | Reached skill level 1 in Shields
   789 | D        | Reached skill level 5 in Dodging
   789 | D        | Gained mutation: Your flesh is cold resistant. (rC+) [demonic ancestry]
   789 | D        | Reached XP level 7. HP: 52/65 MP: 7/7
   851 | D        | Entered arena 6.
   851 | D        | Found a transporter.
   862 | D        | Received a gift from Trog
   862 | D        | Gained mutation: A demonic guardian rushes to your aid. [demonic ancestry]
   862 | D        | Reached XP level 8. HP: 53/72 MP: 8/8
   978 | D        | Entered arena 7.
   979 | D        | Found a transporter.
   992 | D        | Received a gift from Trog
  1019 | D        | Entered arena 8.
  1019 | D        | Noticed a purple draconian
  1019 | D        | Noticed a draconian
  1019 | D        | Noticed a draconian
  1019 | D        | Noticed a draconian
  1019 | D        | Noticed a white draconian
  1019 | D        | Noticed a draconian
  1022 | D        | Found a transporter.
  1033 | D        | Killed from afar by a purple draconian

Skill      XL: |  1  2  3  4  5  6  7  8 |
---------------+-------------------------+-----
Fighting       | 4 5 7 8 9 |  9.9
Axes           | 4 5 6 7 8 |  8.9
Armour         | 2 3 4 5 |  5.7
Dodging        | 2 3 4 5 |  5.9
Polearms       | 1 4 |  4.7
Shields        | 3 |  3.1
Long Blades    | 2 3 |  3.0
Stealth        | 2 |  2.8

Action                   |  1- 3 |  4- 6 |  7- 9 || total
-------------------------+-------+-------+-------++-------
Melee: Demon trident     |     5 |    21 |       ||    26
       Headbutt          |       |     4 |     6 ||    10
       Great sword       |       |     8 |    28 ||    36
Invok: Berserk           |     2 |       |     1 ||     3
       Burn Spellbooks   |       |     2 |       ||     2
  Use: Potion            |       |     2 |       ||     2
  Eat: Chunk             |       |       |     1 ||     1
Armor: Shadow dragon sca |     2 |    32 |    38 ||    72
Dodge: Dodged            |       |     8 |    43 ||    51
Block: Large shield      |     1 |     8 |       ||     9
       Rpst.: Great sword |       |       |     9 ||     9
